 Dungeon Crawl Stone Soup version 0.28-a0-1624-g820543e53a (webtiles) character file.

Game seed: 12618201580265101824

2039 croobank the Firebug (level 9, -4/55 HPs)
             Began as a Yellow Draconian Fire Elementalist on Jan 23, 2022.
             Was a Follower of Hepliaklqana.
             Slain by a shadow (9 damage)
             ... on level 7 of the Dungeon.
             The game lasted 00:34:22 (7820 turns).

croobank the Firebug (DrFE)                         Turns: 7820, Time: 00:34:22

Health: -4/55      AC: 12    Str: 13    XL:     9   Next: 4%
Magic:  4/16       EV: 13    Int: 18    God:    Hepliaklqana [*.....]
Gold:   255        SH:  0    Dex: 11    Spells: 11/18 levels left

rFire   . . .      SeeInvis .   a - +3 dagger (protect)
rCold   . . .      Faith    .   (no shield)
rNeg    + . .      Spirit   .   (armour unavailable)
rPois   .          Reflect  .   (helmet restricted)
rElec   .          Harm     .   B - +0 cloak
rCorr   +          Rampage  .   s - +0 pair of gloves
Will    .....                   h - +2 pair of boots
Stlth   +++.......              G - amulet of the acrobat
HPRegen 0.18/turn               D - ring of positive energy
MPRegen 0.15/turn               J - ring of Epis {rCorr Slay+3}

@: about to teleport, very slightly contaminated
A: reduced essence, spit acid, AC +7, unfitting armour, cold-blooded, acid
resistance
a: Breathe Acid, Renounce Religion, Recall Ancestor, Ancestor Identity


You were on level 7 of the Dungeon.
You worshipped Hepliaklqana.
Hepliaklqana was aware of your devotion.
You visited 2 branches of the dungeon, and saw 8 of its levels.
You also visited: Ossuary.

You collected 255 gold pieces.

Inventory:

Hand Weapons
 a - a +3 dagger of protection (weapon)
 b - a +0 hunting sling
 l - a +0 flail
 m - a +0 whip
 r - a +1 great sword
 v - a +0 war axe
 F - a +2 mace
 H - a +0 flail of protection
Missiles
 c - 95 arrows
 e - 143 stones
 i - 5 atropa-tipped darts (quivered)
 o - 2 boomerangs
 p - 18 bolts
 A - 2 javelins
 C - 23 sling bullets
Armour
 h - a +2 pair of boots (worn)
 s - a +0 pair of gloves (worn)
 B - a +0 cloak (worn)
Magical Staves
 E - a staff of poison
Jewellery
 k - an amulet of faith
 D - a ring of positive energy (left hand)
 G - an amulet of the acrobat (around neck)
 J - the ring of Epis (right hand) {rCorr Slay+3}
   (You found it on level 7 of the Dungeon)

   [ring of resist corrosion]

   Slay:      It affects your accuracy & damage with ranged weapons and melee
   (+3).
   rCorr:     It protects you from acid and corrosion.
Scrolls
 j - a scroll of immolation
 n - a scroll of magic mapping
 w - a scroll of brand weapon {unknown}
 y - a scroll of vulnerability {unknown}
 z - a scroll of enchant armour
 I - a scroll of teleportation
Potions
 d - a potion of ambrosia
 f - 4 potions of curing
 g - 2 potions of brilliance
 q - a potion of resistance
 t - a potion of invisibility {unknown}
 u - a potion of magic {unknown}
 x - 2 potions of mutation


   Skills:
 + Level 5.1 Dodging
 + Level 5.5 Stealth
 + Level 5.2 Spellcasting
 + Level 5.2 Conjurations
 + Level 6.0 Fire Magic


You had 11 spell levels left.
You knew the following spells:

 Your Spells              Type           Power      Damage    Failure   Level
a - Foxfire               Conj/Fire      100%       2x1d9     1%          1
b - Scorch                Fire           52%        2d8       1%          2
c - Flame Wave            Conj/Fire      25%        2d7       13%         4

Your spell library contained the following spells:

 Spells                   Type           Power      Damage    Failure   Level
 Conjure Flame            Conj/Fire      25%        6-21      3%          3
 Inner Flame              Hex/Fire       15%        N/A       12%         3
 Beastly Appendage        Tmut           8%         N/A       13%         1
 Gell's Gravitas          Tloc           4%         N/A       36%         3
 Passage of Golubria      Tloc           4%         N/A       78%         4
 Dragon Form              Tmut           2%         N/A       100%        7


Dungeon Overview and Level Annotations

Branches:
Dungeon (7/15)             Temple (1/1) D:4         Ossuary (visited)

Altars:
Ashenzari
Cheibriados
Dithmenos
Elyvilon
Gozag
Hepliaklqana
Kikubaaqudgha
Makhleb
Okawaru
Ru
Sif Muna
Uskayaw
Wu Jian
Xom
Yredelemnul
Zin
The Shining One

Shops:
D:5 :

Annotations:
D:5 3 runed translucent doors, dolemite99's ghost, novice DsCK


Innate Abilities, Weirdness & Mutations

Your life essence is reduced to manifest your ancestor. (-10% HP)
You can spit globs of acid.
Your golden yellow scales are hard. (AC +7)
You cannot fit into any form of body armour.
You are cold-blooded and may be slowed by cold attacks.
You are resistant to acid. (rCorr)


Message History

The shadow slips into darkness.
The shadow flickers and vanishes!
Deactivating autopickup; reactivate with Ctrl-A.
Things that are here:
a +0 spear; a goblin corpse
Casting: Scorch (safe; 1% risk of failure)
Confirm with . or Enter, or press ? or * to list all spells.
Flames lash something.
Andrew Joseph misses something.
Casting: Scorch (safe; 1% risk of failure)
Confirm with . or Enter, or press ? or * to list all spells.
Flames lash the goblin.
You kill the goblin!
Something hits Andrew Joseph.
The shadow strikes at you from the darkness!
Reactivating autopickup.
The goblin hits Andrew Joseph with a +0 spear.
Casting: Scorch (safe; 1% risk of failure)
Confirm with . or Enter, or press ? or * to list all spells.
Flames lash the goblin.
You kill the goblin!
Andrew Joseph closely misses the shadow.
The shadow hits you.
* * * LOW HITPOINT WARNING * * *
Casting: Scorch (safe; 1% risk of failure)
Confirm with . or Enter, or press ? or * to list all spells.
You miscast Scorch.
You are very lightly contaminated with residual magic.
Nothing appears to happen.
The shadow is no longer more vulnerable to fire.
The goblin hits Andrew Joseph with a +0 spear.
Andrew Joseph hits the goblin.
The goblin dies!
The shadow hits you.
* * * LOW HITPOINT WARNING * * *
Okay, then.
As you read the scroll of teleportation, it crumbles to dust.
You feel strangely unstable.
Andrew Joseph closely misses the shadow.
The shadow hits you!
You die...

.≈...# #.#.#
≈..#. #.#.#
....### #.#.#
#...## #.#.####
#...#####.......
#)..........####
##R..#########
#.###W)...#
#...@##.#.#
#.#.###.#.# #.
#.#.# #. #.#.#
#. #.#.# .. .#
#. ##


You could see the friendly Andrew Joseph the ancestor and a shadow (ally
target).

Vanquished Creatures
  Sigmund (D:6)
  Edmund (D:6)
  An ice beast (D:6)
  A sky beast (D:7)
  A black bear (D:6)
  A necrophage (D:7)
  A phantom (D:4)
  2 scorpions
  5 water moccasin zombies (Ossuary)
  4 wights (D:6)
  A centaur zombie (D:6)
  A jelly (D:2)
  A centaur skeleton (D:7)
  A bullfrog skeleton (D:6)
  2 orc priests
  2 iguanas (D:5)
  7 orc wizards
  2 mummies (Ossuary)
  4 adders
  A white imp (D:6)
  5 adder zombies (Ossuary)
  3 dart slugs (D:3)
  25 orcs
  7 ball pythons
  2 bats (D:2)
  3 endoplasms
  2 giant cockroaches (D:1)
  5 gnoll zombies (Ossuary)
  7 goblins
  6 hobgoblins
  3 jackals (D:1)
  2 kobolds (D:2)
  A quokka (D:3)
  3 frilled lizards (D:2)
  6 hobgoblin zombies (Ossuary)
  4 kobold zombies (Ossuary)
  2 orc zombies (Ossuary)
  4 rats
130 creatures vanquished.

Vanquished Creatures (collateral kills)
  A water moccasin (D:6)
  A wight (D:6)
  A hound (D:7)
  A goblin (D:7)
4 creatures vanquished.

Vanquished Creatures (others)
  An ancestor (D:6)
  22 foxfires
  3 plants (D:3)
26 creatures vanquished.

Grand Total: 160 creatures vanquished

Notes
Turn   | Place    | Note
-------+----------+-------------------------------------------
     0 | D:1      | croobank the Draconian Fire Elementalist began the quest
                  | for the Orb.
     0 | D:1      | Reached XP level 1. HP: 14/14 MP: 3/3
   393 | D:1      | Reached XP level 2. HP: 15/20 MP: 1/5
   563 | D:1      | Learned a level 2 spell: Scorch
  1115 | D:2      | Reached XP level 3. HP: 26/26 MP: 1/6
  1737 | D:3      | Reached XP level 4. HP: 33/33 MP: 4/7
  1780 | D:4      | Found a sand-covered staircase.
  1843 | D:4      | Noticed a phantom
  1848 | Ossuary  | Entered an ossuary
  2162 | Ossuary  | Reached XP level 5. HP: 12/38 MP: 1/9
  2489 | Ossuary  | Reached skill level 4 in Fire Magic
  2489 | Ossuary  | Reached XP level 6. HP: 35/45 MP: 3/10
  3181 | D:4      | Your scales start taking on a golden yellow colour.
  3181 | D:4      | Reached XP level 7. HP: 50/50 MP: 1/12
  3181 | D:4      | Gained mutation: You are resistant to acid. (rCorr) [Yellow
                  | Draconian growth]
  3698 | D:3      | Found a faded altar of an unknown god.
  4584 | D:4      | Found a staircase to the Ecumenical Temple.
  4602 | Temple   | Entered the Ecumenical Temple
  4651 | Temple   | Became a worshipper of Hepliaklqana the Forgotten
  4711 | D:4      | Got the Compendium of Changing and the Traveller
  5000 | D:3      | Identified the +3 chain mail "Dapn" {Str+8 Dex-3}
  5158 | D:5      | Entered Level 5 of the Dungeon
  5158 | D:5      | Found a runed translucent gate.
  5158 | D:5      | Found a runed translucent gate.
  5158 | D:5      | Found a runed translucent gate.
  5254 | D:5      | Found Dyst's Book Emporium.
  5310 | D:5      | Learned a level 4 spell: Flame Wave
  5539 | D:5      | Noticed dolemite99's ghost (novice DsCK)
  5684 | D:5      | Found an iron altar of Okawaru.
  5685 | D:5      | Found a burning altar of Makhleb.
  5964 | D:6      | Reached * piety under Hepliaklqana
  5988 | D:6      | Reached skill level 5 in Fire Magic
  6003 | D:6      | Reached XP level 8. HP: 51/51 MP: 7/14
  6630 | D:6      | Noticed Sigmund
  6638 | D:6      | Killed Sigmund
  6725 | D:6      | Noticed Edmund
  6729 | D:6      | Killed Edmund
  6730 | D:6      | Reached skill level 5 in Stealth
  7081 | D:6      | Reached skill level 5 in Spellcasting
  7081 | D:6      | Reached skill level 5 in Conjurations
  7390 | D:7      | Identified the ring of Epis {rCorr Slay+3}
  7516 | D:7      | Reached skill level 5 in Dodging
  7516 | D:7      | Reached skill level 6 in Fire Magic
  7573 | D:7      | Reached XP level 9. HP: 55/55 MP: 11/16
  7820 | D:7      | Slain by a shadow

Illustrated notes

Levels and vault maps discovered:
D:1:      scummos_arrival_forest, layout_loops_cross
D:2:      layout_rooms
D:3:      layout_basic, hellmonk_ecumenical_altar_pennies_from_heaven,
          minivault_19, serial_bayou_pond_b, small_statue_intersection
D:4:      layout_rooms, minmay_temple_entry_steel_oval,
          nicolae_ossuary_entry_ruins
D:5:      layout_rooms, gammafunk_temple_overflow_pools, gammafunk_ghost_icy,
          serial_shops, nicolae_shop_waterfront
D:6:      layout_basic, sigmund_edmund_badplayer
D:7:      layout_loops_ring, enter_bailey_5
Temple:   eino_wide_crystal_templ

Skill      XL: |  1  2  3  4  5  6  7  8 |
---------------+-------------------------+-----
Stealth        | 2 3 4 5 |  5.5
Dodging        | 2 3 4 5 |  5.1
Conjurations   | 2 3 4 5 |  5.2
Spellcasting   | 3 4 5 |  5.2
Fire Magic     | 4 5 6 |  6.0

Action                   |  1- 3 |  4- 6 |  7- 9 || total
-------------------------+-------+-------+-------++-------
Melee: Unarmed           |    28 |       |       ||    28
       Tailslap          |     2 |    12 |     1 ||    15
       Punch             |     1 |     3 |     1 ||     5
       Mace              |     2 |    95 |    38 ||   135
       Dagger            |       |       |     6 ||     6
 Fire: Hunting sling     |       |       |     1 ||     1
Throw: Dart              |       |       |     7 ||     7
       Stone             |       |       |     1 ||     1
 Cast: Foxfire           |    15 |     3 |       ||    18
       Scorch            |    17 |    50 |   129 ||   196
Invok: Ancestor Identity |       |       |     1 ||     1
 Abil: Breathe Acid      |       |       |    11 ||    11
  Use: Scroll            |     3 |     5 |     4 ||    12
       Potion            |       |     1 |     6 ||     7
 Stab: Sleeping          |     1 |       |       ||     1
Armor: Skin              |    15 |    48 |    44 ||   107
Dodge: Dodged            |    29 |    76 |    76 ||   181

Table legend: (Time is in decaauts)
 A = Elapsed time spent in this place.
 B = Non-inter-level travel time spent in this place.
 C = Inter-level travel time spent in this place.
 D = Time resting spent in this place.
 E = Time spent auto-exploring this place.
 F = Levels seen in this place.
 G = Mean time per level.
                   A        B        C        D        E       F      G
               +--------+--------+--------+--------+--------+-----+--------+
         Total |   7878 |   7668 |    210 |   1866 |   4272 |   9 |  875.3 |
       Dungeon |   6445 |   6257 |    188 |    813 |   4237 |   7 |  920.7 |
        Temple |     74 |     52 |     22 |      0 |     35 |   1 |   74.0 |
       Ossuary |   1358 |   1358 |      0 |   1053 |      0 |   1 | 1358.0 |
               +--------+--------+--------+--------+--------+-----+--------+

Top non-repeatable levels by time:
     D:6: 1590 daAuts
 Ossuary: 1358 daAuts
     D:3: 1221 daAuts
     D:4: 903 daAuts
     D:1: 878 daAuts
     D:2: 772 daAuts
     D:5: 644 daAuts
     D:7: 434 daAuts
  Temple: 74 daAuts
